 Dungeon Crawl Stone Soup version 0.21.0 (webtiles) character file.

271 lysyklops the Poker (level 6, -11/48 HPs)
             Began as a Demonspawn Abyssal Knight on Jan 7, 2018.
             Was a Believer of Lugonu.
             Killed by nerve-wracking pain
             ... invoked by a shadow imp
             ... summoned by wazuzu's ghost
              (14 damage)
             ... on level 4 of the Dungeon.
             The game lasted 00:21:16 (4286 turns).

lysyklops the Poker (Demonspawn Abyssal Knight)     Turns: 4286, Time: 00:21:18

Health: -11/48     AC:  8    Str: 13    XL:     6   Next: 2%
Magic:  7/7        EV:  8    Int: 13    God:    Lugonu [**....]
Gold:   81         SH:  0    Dex: 14    Spells: 5/5 levels left

rFire    . . .     SeeInvis .   a - +1 spear
rCold    . . .     Gourm    .   (no shield)
rNeg     . . .     Faith    .   o - +0 scale mail
rPois    .         Spirit   .   (no helmet)
rElec    .         Reflect  .   (no cloak)
rCorr    .         Harm     .   (no gloves)
MR       .....                  (no boots)
Stlth    ..........             (no amulet)
HPRegen  0.16/turn              (no ring)
MPRegen  0.10/turn              (no ring)

@: extremely drained
A: thin metallic scales 1, powered by death 1
a: Depart the Abyss, Bend Space, Renounce Religion


You were on level 4 of the Dungeon.
You worshipped Lugonu.
Lugonu was pleased with you.
You were not hungry.

You visited 1 branch of the dungeon, and saw 4 of its levels.
You visited the Abyss 1 time.
You also visited: Sewer.

You collected 81 gold pieces.

Inventory:

Hand Weapons
 a - a +1 spear (weapon)
 i - a +0 spear
Armour
 b - a +0 leather armour
 f - a +0 ring mail
 l - a +0 ring mail
 m - a +0 leather armour
 o - a +0 scale mail (worn)
Magical Staves
 s - an uncursed staff of summoning
Jewellery
 j - a cursed ring of teleportation {unknown}
 q - an uncursed amulet of magic regeneration {unknown}
Scrolls
 d - 2 scrolls of identify {unknown}
 e - 2 scrolls of remove curse {unknown}
 r - a scroll of magic mapping {unknown}
 w - a scroll of teleportation {unknown}
Potions
 g - a potion of ambrosia {unknown}
 h - a potion of berserk rage {unknown}
 k - a potion of lignification {unknown}
 n - a potion of cancellation {unknown}
 p - 2 potions of curing {unknown}
 t - 2 potions of flight {unknown}
 u - 2 potions of might {unknown}
 v - 2 potions of heal wounds {unknown}
Comestibles
 c - 3 rations


   Skills:
 + Level 3.8(0.0) Fighting
 + Level 4.2(0.0) Polearms
 + Level 3.1(0.0) Armour
 + Level 1.7(0.0) Dodging
 + Level 0.2(0.0) Stealth
 + Level 2.6(0.0) Invocations


You had 5 spell levels left.
You didn't know any spells.

Dungeon Overview and Level Annotations

Branches:
Dungeon (4/15)
 Temple: D:4-7

Altars:
Cheibriados
Elyvilon
Okawaru
Trog
Xom

Annotations:
D:4 wazuzu's ghost, amateur DEWz


Innate Abilities, Weirdness & Mutations

You are partially covered in thin metallic scales. (AC +2)
You regenerate a little health from kills.


Message History

You closely miss wazuzu's ghost.
Wazuzu's ghost is almost destroyed.
Wazuzu's ghost says, "First you will suffer, then you will die."
Wazuzu's ghost barely misses you. The shadow imp closely misses you.
The crimson imp blinks!
Your scale mail prevents you from hitting wazuzu's ghost.
Wazuzu's ghost is almost destroyed.
Wazuzu's ghost says, "I am smarter than you!"
Wazuzu's ghost points at you and mumbles some strange words.
The magic dart hits you!
* * * LOW HITPOINT WARNING * * *
The shadow imp hits you but does no damage.
You hit wazuzu's ghost.
Wazuzu's ghost is almost destroyed.
Wazuzu's ghost gestures at you while chanting.
The magic dart hits you!
* * * LOW HITPOINT WARNING * * *
The shadow imp gestures at you. Pain shoots through your body!
You die...

### ### #<# #.#
#.######.# #5@W55...#
#############.# #.....
...#.# #.....#####.#W#
#.........5...##########
#..........#####........
#.##.......#####........
+...........W5.......
#..........5..##.###w


You could see an iron imp, wazuzu's ghost, a crimson imp and a shadow imp.

Vanquished Creatures
  A big kobold (Sewer)
  The ghost of tidbits the Sneak, a weakling FeAE (D:3)
  2 worker ants (D:4)
  4 adders (D:3)
  A river rat (D:3)
  An ooze (D:3)
  3 worms
  A dart slug (D:3)
  A leopard gecko (D:3)
  An orc (D:3)
  7 bats
  3 giant cockroaches (D:3)
  9 goblins
  3 hobgoblins
  4 jackals
  4 quokkas
  A ball python (D:1)
  6 frilled lizards
  8 kobolds
  15 rats
76 creatures vanquished.

Notes
Turn   | Place    | Note
-------+----------+-------------------------------------------
     0 | Abyss:1  | lysyklops the Demonspawn Abyssal Knight began the quest for the Orb.
     0 | Abyss:1  | Reached XP level 1. HP: 18/18 MP: 2/2
     8 | D:1      | Escaped the Abyss
   363 | D:1      | Reached skill level 2 in Polearms
   363 | D:1      | Gained mutation: You regenerate a little health from kills. [demonic ancestry]
   363 | D:1      | Reached XP level 2. HP: 24/24 MP: 3/3
   438 | D:1      | Reached ** piety under Lugonu
  1003 | D:1      | Reached skill level 1 in Dodging
  1359 | D:2      | Reached XP level 3. HP: 29/29 MP: 4/4
  1640 | D:2      | Found a white marble altar of Elyvilon.
  1641 | D:2      | Found an iron altar of Okawaru.
  2270 | D:3      | Found a shimmering altar of Xom.
  2344 | D:3      | Found a snail-covered altar of Cheibriados.
  2681 | D:3      | Found a glowing drain.
  2684 | D:3      | Reached XP level 4. HP: 35/35 MP: 5/5
  2735 | D:3      | Reached skill level 3 in Polearms
  2747 | Sewer    | Entered a sewer
  2799 | Sewer    | Noticed a big kobold
  2860 | Sewer    | Killed a big kobold
  2860 | Sewer    | Gained mutation: You are partially covered in thin metallic scales. (AC +2) [demonic ancestry]
  2860 | Sewer    | Reached XP level 5. HP: 22/41 MP: 6/6
  3063 | Sewer    | Found a glowing silver altar of Zin.
  3126 | D:3      | Found a bloodstained altar of Trog.
  3662 | D:3      | Noticed tidbits's ghost (weakling FeAE)
  3673 | D:3      | Killed tidbits's ghost
  3673 | D:3      | Reached skill level 4 in Polearms
  3945 | D:4      | Noticed wazuzu's ghost (amateur DEWz)
  4005 | D:4      | Reached XP level 6. HP: 17/48 MP: 7/7
  4286 | D:4      | Killed from afar by a shadow imp

Skill      XL: |  1  2  3  4  5 |
---------------+----------------+-----
Polearms       | 2 3 4 |  4.2
Dodging        | 1 |  1.7
Armour         | 2 3 |  3.1
Fighting       | |  3.8
Stealth        | |  0.2
Invocations    | |  2.6

Action                   |  1- 3 |  4- 6 || total
-------------------------+-------+-------++-------
Melee: Spear             |   178 |   223 ||   401
 Stab: Sleeping          |     1 |       ||     1
  Eat: Chunk             |     4 |     1 ||     5
       Ration            |     1 |     1 ||     2
Armor: Leather armour    |    12 |       ||    12
       Ring mail         |    16 |       ||    16
       Scale mail        |    21 |    77 ||    98
Dodge: Dodged            |    73 |    85 ||   158
